 Dungeon Crawl Stone Soup version 0.32-a0-422-g28b100f618 (webtiles) character file.

Game seed: 1249274374370120144

1876 cforsyth the Slasher (level 9, -10/72 HPs)
             Began as a Coglin Gladiator on Feb 21, 2024.
             Was an Initiate of Wu Jian.
             Mangled by a two-headed ogre
             ... wielding a +0 giant club
              (13 damage)
             ... on level 7 of the Dungeon.
             The game lasted 00:08:26 (6289 turns).

cforsyth the Slasher (Coglin Gladiator)             Turns: 6289, Time: 00:08:27

Health: -10/72     AC: 13    Str: 15    XL:     9   Next: 14%
Magic:  0/9        EV:  5    Int:  7    God:    Wu Jian [......]
Gold:   310        SH:  0    Dex: 20    Spells: 8/8 levels left

rFire   . . .        a - +0 long sword {Xiang}
rCold   . . .        y - +2 dagger (drain) {Jingyi}
rNeg    . . .        p - +0 plate armour
rPois   .            c - +0 helmet
rElec   .            (no cloak)
rCorr   .            (no gloves)
SInv    .            (no boots)
Will    .....        z - amulet of guardian spirit Stlth
                     (no ring)
HPRegen 0.32/turn    (no ring)
MPRegen 0.11/turn

%: guardian spirit
@: immotile, revved
A: off-hand wielding, slow wielding, warmup strikes, legs shutdown
a: Renounce Religion


You were on level 7 of the Dungeon.
You worshipped Wu Jian.
Wu Jian was noncommittal.
You visited 2 branches of the dungeon, and saw 8 of its levels.

You collected 310 gold pieces.


Innate Abilities, Weirdness & Mutations

You can wield a second weapon in your off-hand.
It takes a long time for you to wield or remove held weapons.
Your first few attacks do less damage.
Attacking and casting redirects power from your legs.


   Skills:
 + Level 7.0 Fighting
 + Level 7.3 Long Blades
 - Level 1.7 Throwing
 + Level 5.9 Armour
 - Level 2.6 Dodging


You had 8 spell levels left.
You didn't know any spells.
Your spell library contained the following spells:

 Spells                   Type           Power      Damage    Failure   Level
 Tukima's Dance           Hex            0%         N/A       100%        3
 Dimensional Bullseye     Hex/Tloc       0%         N/A       100%        4
 Iskenderun's Mystic Bla  Conj/Tloc      0%         2d3       100%        4

Inventory:

Hand Weapons
 a - a +0 long sword (weapon) {Xiang}
 q - a +0 short sword {Yashnoor}
 y - a +2 dagger of draining (offhand) {Jingyi}
Missiles
 d - 3 throwing nets (quivered) {=f}
 e - a javelin
Armour
 c - a +0 helmet (worn)
 p - a +0 plate armour (worn)
Magical Staves
 t - a staff of cold {!a}
Jewellery
 z - an amulet of guardian spirit (around neck)
Scrolls
 b - a scroll of silence {unknown}
 f - a scroll of noise {unknown}
 j - a scroll of fear {unknown}
 k - 3 scrolls of identify {unknown}
 m - 3 scrolls of enchant armour {unknown}
 n - 2 scrolls of teleportation {unknown}
 r - 3 scrolls of enchant weapon {unknown}
 u - a scroll of poison {unknown}
 w - a scroll of brand weapon {unknown}
 x - a scroll of acquirement {unknown}
 B - a scroll of amnesia {unknown}
 C - a scroll of fog {unknown}
 D - a scroll of vulnerability {unknown}
Potions
 g - a potion of mutation {unknown}
 h - 3 potions of lignification {unknown}
 i - a potion of heal wounds {unknown}
 l - 2 potions of brilliance {unknown}
 o - 2 potions of curing {@q1}
 s - a potion of attraction {unknown}
 v - a potion of haste {unknown}
 A - a potion of experience {unknown}
 E - a potion of magic {unknown}

Dungeon Overview and Level Annotations

Branches:
Dungeon (7/15)             Temple (1/1) D:6

Altars:
Ashenzari
Cheibriados
Dithmenos
Fedhas
Gozag
Hepliaklqana
Kikubaaqudgha
Makhleb
Nemelex Xobeh
Okawaru
Qazlal
Ru
Sif Muna
Trog
Uskayaw
Vehumet
Wu Jian
Yredelemnul
The Shining One
Beogh

Annotations:
D:4 2 transporters, Menkaure
D:5 3 runed translucent doors, zenocrate's ghost, weakling DsDe

..#.. ... ...# #.... #!#
#...# ...... #.# #...#
### #..... #.# #...# #..
......##.# #...# #.#
#.......####...######.#
...#..O................#
?....?)@...............#
..##....................
#..######....#.###...
..... #....#.# #.(. ###.
#....#.# #... #.
#....#.# #... #
#....#.###... #.####
#......#..... #####.#..
.....###.#...


You could see a two-headed ogre (drained).


Message History

The two-headed ogre hits you with a +0 giant club.
* * * LOW HITPOINT WARNING * * *
You hit the two-headed ogre with your +2 dagger of draining.
The two-headed ogre is heavily wounded.
You barely miss the two-headed ogre with your +0 long sword.
The two-headed ogre hits you with a +0 giant club.
* * * LOW HITPOINT WARNING * * *
The two-headed ogre hits you with a +0 giant club!
* * * LOW HITPOINT WARNING * * *
You slash the two-headed ogre with your +0 long sword!
The two-headed ogre is heavily wounded.
You barely miss the two-headed ogre with your +2 dagger of draining.
Unknown command.
You hit the two-headed ogre with your +2 dagger of draining.
You drain the two-headed ogre.
The two-headed ogre is severely wounded.
You hit the two-headed ogre with your +0 long sword.
The two-headed ogre hits you with a +0 giant club!
* * * LOW HITPOINT WARNING * * *
The two-headed ogre hits you but does no damage.
You hit the two-headed ogre with your +2 dagger of draining.
The two-headed ogre is severely wounded.
You hit the two-headed ogre with your +0 long sword.
Unknown command.
You hit the two-headed ogre but do no damage.
The two-headed ogre is almost dead.
You barely miss the two-headed ogre with your +0 long sword.
The two-headed ogre barely misses you.
The two-headed ogre hits you with a +0 giant club!
You die...

Skill      XL: |  1  2  3  4  5  6  7  8  9 |
---------------+----------------------------+-----
Armour         | 1 2 3 4 5 |  5.9
Fighting       | 3 4 5 6 7 |  7.0
Long Blades    | 4 5 7 |  7.3
Throwing       | |  1.7
Dodging        | |  2.6

Action                     |  1- 3 |  4- 6 |  7- 9 || total
---------------------------+-------+-------+-------++-------
  Melee: Long sword        |    89 |   106 |   162 ||   357
         Short sword       |    14 |   104 |    10 ||   128
         Dagger            |       |       |   142 ||   142
Ability: Lunge             |       |       |     2 ||     2
    Use: Potion            |       |     2 |     1 ||     3
 Armour: Leather armour    |    49 |       |       ||    49
         Plate armour      |    18 |   100 |   192 ||   310
  Dodge: Dodged            |    77 |    23 |    42 ||   142

Levels and vault maps discovered:
D:1:      dpeg_arrival_castle, layout_basic, chequers_ecumenical_altar_island,
          serial_bayou_crossing
D:2:      layout_loops_corners, basic_altar, grunt_ministairs_15,
          chequers_serial_rivers_micro_d, kennysheep_pointless_box,
          nicolae_elevator_lobby_plus
D:3:      layout_loops_ring, tso_metal_star
D:4:      layout_loops_cross, mainiacjoe_overflow_tiny_flanked,
          gammafunk_temple_of_torment, grunt_ministairs_9, chequers_arboretum
D:5:      layout_basic, nicolae_wu_jian_immortal_techniques,
          biasface_ghost_orc_armoury
D:6:      layout_rooms, minmay_temple_entry_stoned_glass
D:7:      layout_loops_cross, ebering_ghost_gozag, serial_shops,
          nicolae_shop_pleasant_corner_grove
Temple:   zaba_magenta_temple

Notes
Turn   | Place    | Note
-------+----------+-------------------------------------------
     0 | D:1      | cforsyth the Coglin Gladiator began the quest for the Orb.
     0 | D:1      | Reached XP level 1. HP: 16/16 MP: 1/1
    87 | D:1      | Reached XP level 2. HP: 17/22 MP: 2/2
   175 | D:1      | Reached skill level 1 in Armour
   272 | D:1      | Found a faded altar of an unknown god.
   344 | D:1      | Reached XP level 3. HP: 24/28 MP: 3/3
  1142 | D:2      | Found a blossoming altar of Fedhas.
  1178 | D:2      | Reached XP level 4. HP: 34/34 MP: 4/4
  1199 | D:2      | Reached skill level 3 in Fighting
  1418 | D:2      | Reached skill level 2 in Armour
  1835 | D:2      | Reached XP level 5. HP: 41/41 MP: 5/5
  1986 | D:3      | Reached skill level 4 in Long Blades
  1987 | D:3      | Identified the +8 mace of the Blind Eye {spect, *Rage rPois
                  | MP+9 Dex-4}
  2345 | D:3      | Found a glowing golden altar of the Shining One.
  2735 | D:4      | Noticed a water moccasin
  2736 | D:4      | Found a sacrificial altar of Ru.
  2753 | D:4      | Killed a water moccasin
  2754 | D:4      | Reached skill level 4 in Fighting
  2754 | D:4      | Reached XP level 6. HP: 30/48 MP: 6/6
  2826 | D:4      | Reached skill level 3 in Armour
  2953 | D:4      | Found a transporter.
  2990 | D:4      | Found a basalt altar of Yredelemnul.
  2994 | D:4      | Noticed Menkaure
  3004 | D:4      | Noticed a water moccasin
  3017 | D:4      | Killed a water moccasin
  3018 | D:4      | Reached skill level 5 in Long Blades
  3018 | D:4      | Reached XP level 7. HP: 10/55 MP: 7/7
  3415 | D:4      | Found a transporter.
  3415 | D:4      | Found an ancient bone altar of Kikubaaqudgha.
  3545 | D:4      | Reached skill level 5 in Fighting
  3907 | D:5      | Entered Level 5 of the Dungeon
  3985 | D:5      | Reached skill level 4 in Armour
  4164 | D:5      | Reached XP level 8. HP: 63/63 MP: 8/8
  4245 | D:5      | Found an ornate altar of the Wu Jian Council.
  4281 | D:5      | Reached skill level 6 in Long Blades
  4462 | D:5      | Reached skill level 6 in Fighting
  4871 | D:5      | Found a runed translucent gate.
  4871 | D:5      | Noticed zenocrate's ghost (weakling DsDe)
  4872 | D:5      | Found a runed translucent gate.
  4873 | D:5      | Found a roughly hewn altar of Beogh.
  4873 | D:5      | Found a runed translucent gate.
  4971 | D:6      | Reached skill level 5 in Armour
  5684 | D:6      | Found a staircase to the Ecumenical Temple.
  5703 | Temple   | Entered the Ecumenical Temple
  5764 | D:5      | Became a worshipper of the Wu Jian Council
  5949 | D:6      | Reached skill level 7 in Long Blades
  5949 | D:6      | Reached XP level 9. HP: 67/71 MP: 9/9
  6198 | D:7      | Reached skill level 7 in Fighting
  6276 | D:7      | Noticed a two-headed ogre
  6287 | D:7      | HP: 2/72 [two-headed ogre/+0 giant club (8)]
  6289 | D:7      | Mangled by a two-headed ogre

Vanquished Creatures
  2 water moccasins (D:4)
  A black bear (D:5)
  A sky beast (D:5)
  An ice beast (D:7)
  2 ogres (D:5)
  2 centaurs
  A phantom (D:5)
  A kobold brigand (D:5)
  A bullfrog (D:5)
  3 scorpions
  A bombardier beetle (D:6)
  A howler monkey (D:6)
  A jelly (D:5)
  4 hounds
  3 iguanas
  A gnoll bouda (D:4)
  An orc wizard (D:6)
  5 gnolls (D:4)
  7 adders
  4 dart slugs
  3 ribbon worms (D:2)
  11 orcs
  11 ball pythons
  12 bats
  3 endoplasms
  6 giant cockroaches
  7 goblins
  7 hobgoblins
  4 quokkas
  4 frilled lizards (D:2)
  7 kobolds
  4 rats
122 creatures vanquished.

Table legend: (Time is in decaauts)
 A = Elapsed time spent in this place.
 B = Non-inter-level travel time spent in this place.
 C = Inter-level travel time spent in this place.
 D = Time resting spent in this place.
 E = Time spent auto-exploring this place.
 F = Levels seen in this place.
 G = Mean time per level.
                   A        B        C        D        E       F      G
               +--------+--------+--------+--------+--------+-----+--------+
         Total |   6356 |   5954 |    402 |    531 |   4496 |   8 |  794.5 |
       Dungeon |   6354 |   5953 |    401 |    531 |   4496 |   7 |  907.7 |
        Temple |      1 |      0 |      1 |      0 |      0 |   1 |    1.0 |
               +--------+--------+--------+--------+--------+-----+--------+

Top non-repeatable levels by time:
     D:5: 1711 daAuts
     D:4: 1325 daAuts
     D:2: 1020 daAuts
     D:1: 977 daAuts
     D:3: 620 daAuts
     D:6: 479 daAuts
     D:7: 219 daAuts
  Temple: 1 daAuts

Table legend:
 A = Non-vault XP
 B = Vault XP
 C = Vault XP percentage of total XP
 D = Non-vault monster count
 E = Vault monster count
 F = Vault count percentage of total count
                 A         B        C        D         E       F
            +---------+---------+-------+---------+---------+-------
      Total |    2592 |      89 |   3.3 |     119 |       3 |   2.5
            +---------+---------+-------+---------+---------+-------
        D:1 |      69 |       0 |   0.0 |      24 |       0 |   0.0
        D:2 |      95 |       2 |   2.1 |      26 |       1 |   3.7
        D:3 |      33 |       0 |   0.0 |       8 |       0 |   0.0
        D:4 |     636 |      87 |  12.0 |      28 |       2 |   6.7
        D:5 |    1025 |       0 |   0.0 |      15 |       0 |   0.0
        D:6 |     409 |       0 |   0.0 |      15 |       0 |   0.0
        D:7 |     325 |       0 |   0.0 |       3 |       0 |   0.0
            +---------+---------+-------+---------+---------+-------
